AoeStats
← BabyYoda1279

Black Forest

505820151Analyzed
1v1 RM · 23d ago on Sep 11, 2026· 106m 48s· 2 players
Game mode
Random Map
Map size
Tiny (2 player)
Population
200
Speed
Normal
Resources
Standard
Victory
Conquest
Starting age
Dark Age
Ending age
Imperial Age
RankedLock teamsTeams togetherTeam positionsShared explorationLock speedFull tech treeHidden civsTurbo modeCheats
Victory
Defeat
🇪🇨 Britons · Ecuador
777
+15
🇮🇹 Persians · Italy
749
-15
MarcOlga
0:28 Loom
12:58 Feudal Age
13:19 Town Watch
13:34 Double-Bit Axe
13:57 Gold Mining
14:25 Horse Collar
17:39 Wheelbarrow
23:32 Castle Age
21:55 Fletching
22:16 Forging
22:39 Stone Mining
24:19 Hand Cart
24:31 Bow Saw
24:14 Pikeman
26:15 Heavy Plow
25:53 Crossbowman
28:14 Hand Cart
29:20 Gold Shaft Mining
29:41 Padded Archer Armor
31:57 Light Cavalry
32:48 Bloodlines
32:47 Thumb Ring
34:14 Iron Casting
33:36 Bodkin Arrow
33:56 Leather Archer Armor
34:48 Scale Mail Armor
38:34 Imperial Age
36:23 Kamandaran
37:02 Town Patrol
39:04 Stone Shaft Mining
38:59 Hussar
41:15 Heated Shot
41:36 Masonry
42:27 Chemistry
41:48 Ballistics
42:32 Blast Furnace
41:59 Conscription
42:58 Crop Rotation
43:12 Gambesons
44:05 Ring Archer Armor
43:46 Scale Barding Armor
43:19 Halberdier
46:03 Chain Barding Armor
46:00 Chain Mail Armor
47:19 Onager
85:57 Plate Mail Armor
86:05 Plate Barding Armor
BabyYoda1279
11:18 Feudal Age
12:58 Double-Bit Axe
13:04 Horse Collar
17:02 Castle Age
18:06 Wheelbarrow
27:14 Imperial Age
25:56 Ballistics
27:07 Padded Archer Armor
26:58 Fletching
29:34 Bow Saw
30:34 Gold Mining
31:55 Gold Shaft Mining
31:43 Hand Cart
31:16 Town Watch
31:20 Loom
32:32 Yeomen
35:59 Town Patrol
36:30 Onager
38:03 Leather Archer Armor
37:44 Bodkin Arrow
37:39 Elite Longbowman
38:40 Warwolf
41:24 Ring Archer Armor
40:55 Bracer
43:19 Scale Mail Armor
43:31 Forging
43:30 Scale Barding Armor
44:29 Chemistry
43:36 Siege Engineers
43:42 Masonry
43:28 Murder Holes
43:15 Treadmill Crane
44:23 Chain Mail Armor
47:53 Husbandry
47:15 Light Cavalry
48:00 Squires
47:46 Gambesons
47:21 Pikeman
47:47 Arson
48:36 Plate Mail Armor
48:41 Iron Casting
49:42 Architecture
49:10 Heated Shot
49:29 Halberdier
68:10 Fortified Wall
81:05 Cavalier
84:49 Blast Furnace
84:10 Chain Barding Armor
87:21 Guard Tower
102:44 Elite Skirmisher
Connection lost

Rejoining the realm…

Still unreachable

The connection could not be restored.

Session expired

The server has moved on; the page needs a fresh start.